Description

A typical Reaper FE followed by marine tank and upgrades. The time stamps are not great but works for practice.

Replay - A.I. 1 (Very Easy) v macromore - New Repugnancy LE

Build Order

Get SALT Encoding   

  14  0:17  Supply Depot  
  16  0:40  Barracks  
  16  0:46  Refinery  
  19  1:27  Orbital Command  
  19  1:29  Reaper  
  20  1:42  Command Center  
  20  1:50  Refinery  
  21  2:05  Barracks Reactor  
  22  2:10  Supply Depot  
  22  2:24  Factory  
  27  2:53  Orbital Command  
  30  3:11  Starport  
  30  3:20  Factory Tech Lab  
  33  3:25  Supply Depot  Start depo construction
Spawning Tool Build Advisor. Get it on Overwolf

Go to:

Details

  • Created by: dcblessi
  • Published on: Feb 27, 2019
  • Modified on: Mar 04, 2019
  • Patch: 4.7.1
Show
View Real Time Build Order
Export as new Build Order

Comments (0)

There are no comments. Be the first!

Create an account to comment!